 Dungeon Crawl Stone Soup version 0.23-a0-175-g97aacdb (webtiles) character file.

2 Amnesiac the Magician (level 1, -4/13 HPs)
             Began as a Mummy Ice Elementalist on Sept 16, 2018.
             Slain by an adder (5 damage)
             ... on level 2 of the Dungeon.
             The game lasted 00:00:29 (196 turns).

Amnesiac the Magician (Mummy Ice Elementalist)       Turns: 196, Time: 00:00:29

Health: -4/13      AC:  2    Str: 11    XL:     1   Next: 25%
Magic:  0/4        EV: 12    Int: 14    God:
Gold:   0          SH:  0    Dex: 12    Spells: 4/5 levels left

rFire    x . .     SeeInvis .   c - +0 short sword
rCold    + . .     Gourm    .   (no shield)
rNeg     + + +     Faith    .   a - +0 robe
rPois    ∞         Spirit   .   (no helmet)
rElec    .         Reflect  .   (no cloak)
rCorr    +         Harm     .   (no gloves)
MR       .....                  (no boots)
Stlth    ++........             (no amulet)
HPRegen  0.04/turn              b - ring of resist corrosion
MPRegen  0.09/turn              (no ring)

@: very slightly contaminated
A: no food or potions, fire vulnerability, cold resistance 1, negative energy
resistance 3, torment resistance, unbreathing
a: no special abilities


You were on level 2 of the Dungeon.
You were not hungry.

You visited 1 branch of the dungeon, and saw 2 of its levels.

Inventory:

Hand Weapons
 c - a +0 short sword (weapon)
Armour
 a - a +0 robe (worn)
Jewellery
 b - a ring of resist corrosion (left hand)


   Skills:
 - Level 1.5 Dodging
 - Level 1.5 Stealth
 - Level 2.6 Spellcasting
   Level 0.7 Conjurations
 + Level 2.5 Ice Magic


You had 4 spell levels left.
You knew the following spells:

 Your Spells              Type           Power        Failure   Level  Hunger
a - Freeze                Ice            #...         8%          1    N/A

Your spell library contained the following spells:

 Spells                   Type           Power        Failure   Level  Hunger
 Throw Frost              Conj/Ice       #.....       17%         2    N/A
 Ozocubu's Armour         Chrm/Ice       #.......     36%         3    N/A
 Throw Icicle             Conj/Ice       #.......     75%         4    N/A
 Summon Ice Beast         Ice/Summ       #.......     78%         4    N/A

Dungeon Overview and Level Annotations

Branches:
Dungeon (2/15)

Altars:
Wu Jian


Innate Abilities, Weirdness & Mutations

You do not eat or drink.
Your flesh is vulnerable to fire.
You are immune to poison.
Your flesh is cold resistant. (rC+)
You are immune to negative energy. (rN+++)
You are immune to unholy pain and torment.
You can survive without breathing.


Message History

Casting: Freeze (safe; 8% risk of failure)
Confirm with . or Enter, or press ? or * to list all spells.
You don't have enough magic to cast that spell.
Casting: Freeze (safe; 8% risk of failure)
Confirm with . or Enter, or press ? or * to list all spells.
You don't have enough magic to cast that spell.
Casting: Freeze (safe; 8% risk of failure)
Confirm with . or Enter, or press ? or * to list all spells.
You don't have enough magic to cast that spell.
Casting: Freeze (safe; 8% risk of failure)
Confirm with . or Enter, or press ? or * to list all spells.
You don't have enough magic to cast that spell.
Casting: Freeze (safe; 8% risk of failure)
Confirm with . or Enter, or press ? or * to list all spells.
You don't have enough magic to cast that spell.
The adder is no longer moving slowly.
Casting: Freeze (safe; 8% risk of failure)
Confirm with . or Enter, or press ? or * to list all spells.
You don't have enough magic to cast that spell.
Casting: Freeze (safe; 8% risk of failure)
Confirm with . or Enter, or press ? or * to list all spells.
You don't have enough magic to cast that spell.
Casting: Freeze (safe; 8% risk of failure)
Confirm with . or Enter, or press ? or * to list all spells.
You don't have enough magic to cast that spell.
The adder barely misses you.
Casting: Freeze (safe; 8% risk of failure)
Confirm with . or Enter, or press ? or * to list all spells.
You don't have enough magic to cast that spell.
Casting: Freeze (safe; 8% risk of failure)
Confirm with . or Enter, or press ? or * to list all spells.
You don't have enough magic to cast that spell.
Casting: Freeze (safe; 8% risk of failure)
Confirm with . or Enter, or press ? or * to list all spells.
You don't have enough magic to cast that spell.
Casting: Freeze (safe; 8% risk of failure)
Confirm with . or Enter, or press ? or * to list all spells.
You don't have enough magic to cast that spell.
Casting: Freeze (safe; 8% risk of failure)
Confirm with . or Enter, or press ? or * to list all spells.
You don't have enough magic to cast that spell.
The adder closely misses you.
Casting: Freeze (safe; 8% risk of failure)
Confirm with . or Enter, or press ? or * to list all spells.
Aiming: Freeze (safe; 8% risk of failure)
Press: ? - help, Shift-Dir - straight line, f/p - adder
Aim: an adder (severely wounded)
You miscast Freeze.
Nothing appears to happen.
The adder bites you.
* * * LOW HITPOINT WARNING * * *
Casting: Freeze (safe; 8% risk of failure)
Confirm with . or Enter, or press ? or * to list all spells.
You don't have enough magic to cast that spell.
Found a ration.
The adder closely misses you.
You see here a short sword.
c - a short sword The adder barely misses you.
There are no items here.
Wield which item (- for none, * to show all)? (? for menu, Esc to quit)
c - a +0 short sword (weapon)
The adder bites you.
* * * LOW HITPOINT WARNING * * *
The adder bites you.
You die...

#(#.#.. #.#..
#.#.#.#####(#..
#.(.#.#.......#
#.###<#.#..(....# #
#.........<<....# #.
#####.####..#...#
#.######.#..........
#........#.##.###..#
#@S......#........
#........#..###...
#........#..# ...
#........#### ..
#...........
#.......####
#.......# #.....%...
#.#######+


You could see an adder.

Vanquished Creatures
  2 kobolds (D:2)
2 creatures vanquished.

Notes
Turn   | Place    | Note
-------+----------+-------------------------------------------
     0 | D:1      | Amnesiac the Mummy Ice Elementalist began the quest for the
                  | Orb.
     0 | D:1      | Reached XP level 1. HP: 13/13 MP: 4/4
    13 | D:2      | Found an ornate altar of the Wu Jian Council.
   196 | D:2      | Slain by an adder

Vault maps used:
D:1:      dpeg_arrival_stonehenge_8_columns
D:2:      overflow_temple_1_default, nicolae_overflow_crystal_walls,
          old_standard_altar, minmay_lizard_pond, uniq_terence

Action                   || total
-------------------------++-------
 Cast: Freeze            ||     7
Dodge: Dodged            ||     9

Table legend:
 A = Non-vault XP
 B = Vault XP
 C = Vault XP percentage of total XP
 D = Non-vault monster count
 E = Vault monster count
 F = Vault count percentage of total count
                 A         B        C        D         E       F
            +---------+---------+-------+---------+---------+-------
      Total |       3 |       0 |   0.0 |       2 |       0 |   0.0
            +---------+---------+-------+---------+---------+-------
        D:2 |       3 |       0 |   0.0 |       2 |       0 |   0.0
            +---------+---------+-------+---------+---------+-------
